 Dungeon Crawl Stone Soup version 0.31-a0-237-g2d982f9f85 (webtiles) character file.

Game seed: 1377044257199677493

111 qw the Shooter (level 4, -2/37 HPs)
             Began as a Minotaur Hexslinger on July 11, 2023.
             Slain by an orc priest
             ... wielding a +0 morningstar
              (5 damage)
             ... on level 3 of the Dungeon.
             The game lasted 00:00:50 (2032 turns).

qw the Shooter (Minotaur Hexslinger)                Turns: 2032, Time: 00:00:51

Health: -2/37      AC:  4    Str: 19    XL:     4   Next: 62%
Magic:  4/4        EV: 12    Int: 10    God:
Gold:   39         SH:  0    Dex: 14    Spells: 4/5 levels left

rFire   . . .        Y - +1 sling
rCold   . . .        (no shield)
rNeg    . . .        e - +0 leather armour
rPois   .            (helmet restricted)
rElec   .            (no cloak)
rCorr   .            (no gloves)
SInv    .            f - +0 pair of boots
Will    .....        (no amulet)
Stlth   +            i - +6 ring of strength
HPRegen 0.26/turn    (no ring)
MPRegen 0.09/turn

%: no passive effects
@: no status effects
A: horns 2, retaliatory headbutt
a: no special abilities


You were on level 3 of the Dungeon.
You visited 1 branch of the dungeon, and saw 3 of its levels.

You collected 99 gold pieces.
You spent 60 gold pieces at shops.


Innate Abilities, Weirdness & Mutations

You have a pair of horns on your head.
You reflexively headbutt those who attack you in melee.


   Skills:
 + Level 2.4 Fighting
 - Level 5.0 Ranged Weapons
 - Level 2.1 Dodging
 - Level 1.0 Spellcasting
 - Level 2.0 Hexes


You had 4 spell levels left.
You knew the following spells:

 Your Spells              Type           Power      Damage    Failure   Level
a - Slow                  Hex            16%        N/A       19%         1

Your spell library contained the following spells:

 Spells                   Type           Power      Damage    Failure   Level
 Inner Flame              Hex/Fire       2%         N/A       63%         3
 Portal Projectile        Hex/Tloc       4%         N/A       63%         3
 Cause Fear               Hex            2%         N/A       87%         4

Inventory:

Hand Weapons
 Y - a +1 sling (weapon)
Armour
 e - a +0 leather armour (worn)
 f - a +0 pair of boots (worn)
Jewellery
 i - a +6 ring of strength (left hand)
Scrolls
 a - a scroll of identify
 b - a scroll of teleportation {unknown}
Potions
 d - a potion of resistance
 g - a potion of enlightenment
 j - a potion of might
 k - a potion of haste {unknown}
 l - a potion of lignification {unknown}

Dungeon Overview and Level Annotations

Branches:
Dungeon (3/15)

Altars:

Shops:
D:2 ?

Annotations:
D:3 1 transporter


Message History

The orc priest invokes the aid of Beogh against you.
Pain shoots through your body!
2025 ||| DRINKING potion of heal wounds.
You feel much better. Something hits you.
The orc priest hits you with a +0 morningstar!
The hobgoblin closely misses you.
You shoot a sling bullet.
The sling bullet closely misses the hobgoblin.
Something hits you. The hobgoblin completely misses you.
The orc priest barely misses you.
You shoot a sling bullet.
The sling bullet barely misses the hobgoblin.
Something hits you but does no damage. The hobgoblin barely misses you.
The orc priest hits you with a +0 morningstar!
You shoot a sling bullet. The sling bullet hits the hobgoblin.
You kill the hobgoblin!
Something hits you but does no damage.
The orc priest looks braver for a moment.
You shoot a sling bullet. The sling bullet hits the orc priest.
The orc priest is moderately wounded.
The orc priest barely misses you. You furiously retaliate!
You headbutt the orc priest.
You hear some strange, mumbled words.
You are confused.
2030 ||| DRINKING potion of curing.
You feel better.
2030 ||| (to cure confusion)
The orc priest hits you with a +0 morningstar!
Something hits you.
You shoot a sling bullet.
The sling bullet closely misses the orc priest.
You hear some strange, mumbled words.
A puff of flame appears from out of thin air!
The puff of flame misses you.
The orc priest hits you with a +0 morningstar.
You shoot a sling bullet.
The sling bullet barely misses the orc priest.
Something hits you. The orc priest closely misses you.
The orc priest hits you with a +0 morningstar.
You die...

### ..# ## #.# ..
#.# #. #.# #. #.#
#.##)##.######
#...{@.......#
####o##.####.#
####.. #. #.# #.#
...... #. #.# #.#
####.# ##.
#.####.##### ..#
###..##..........#
#.# #.#
.......########.#
#.# #.#
#>###.########.#
#.# #.#
#..............#


You could see an orc priest.

Vanquished Creatures
  Jessica (D:3)
  An adder (D:2)
  2 worms (D:3)
  2 orcs (D:3)
  5 bats
  7 endoplasms
  4 giant cockroaches
  6 hobgoblins
  4 jackals (D:1)
  5 kobolds
  2 quokkas (D:1)
  8 ball pythons
  3 frilled lizards (D:1)
  7 goblins
  A rat (D:1)
58 creatures vanquished.

Notes
Turn   | Place    | Note
-------+----------+-------------------------------------------
     0 | D:1      | qw the Minotaur Hexslinger began the quest for the Orb.
     0 | D:1      | Reached XP level 1. HP: 16/16 MP: 1/1
     0 | D:1      | 0 ||| qw: Version: 0.3-a-52-g30416fa
     0 | D:1      | 0 ||| qw: Game counter: 5753
     0 | D:1      | 0 ||| qw: Melee chars always use a shield: true
     0 | D:1      | 0 ||| qw: God list: Okawaru
     0 | D:1      | 0 ||| qw: Allow faded altars: false
     0 | D:1      | 0 ||| qw: Do Orc after clearing Dungeon:15 true
     0 | D:1      | 0 ||| qw: Do second Lair branch before Depths: true
     0 | D:1      | 0 ||| qw: Lair rune preference: random
     0 | D:1      | 0 ||| qw: Goals: Normal
     0 | D:1      | 0 ||| PLANNING D:1-11
    48 | D:1      | 48 ||| FLEEEEING.
    49 | D:1      | 49 ||| FLEEEEING.
    50 | D:1      | 50 ||| FLEEEEING.
    51 | D:1      | 51 ||| FLEEEEING.
    52 | D:1      | 52 ||| FLEEEEING.
    53 | D:1      | 53 ||| FLEEEEING.
    54 | D:1      | 54 ||| FLEEEEING.
    55 | D:1      | 55 ||| FLEEEEING.
    56 | D:1      | 56 ||| FLEEEEING.
    57 | D:1      | 57 ||| FLEEEEING.
    58 | D:1      | 58 ||| FLEEEEING.
    59 | D:1      | 59 ||| FLEEEEING.
    60 | D:1      | 60 ||| FLEEEEING.
    61 | D:1      | 61 ||| FLEEEEING.
    62 | D:1      | 62 ||| FLEEEEING.
    63 | D:1      | 63 ||| FLEEEEING.
    64 | D:1      | 64 ||| FLEEEEING.
    65 | D:1      | 65 ||| FLEEEEING.
    66 | D:1      | 66 ||| FLEEEEING.
    72 | D:1      | Reached skill level 3 in Ranged Weapons
    74 | D:1      | Reached XP level 2. HP: 18/23 MP: 2/2
   323 | D:1      | Reached XP level 3. HP: 29/29 MP: 3/3
   778 | D:1      | 778 ||| UPGRADING to +0 leather armour.
   788 | D:1      | 788 ||| DROPPING +0 robe.
   789 | D:1      | 789 ||| UPGRADING to +0 pair of boots.
   799 | D:1      | 799 ||| UPGRADING to +6 ring of strength.
   803 | D:1      | 803 ||| READING 3 scrolls labelled ZUERYTZEDI.
   804 | D:1      | 804 ||| READING scroll labelled MOSAYCVEDO.
   805 | D:1      | 805 ||| READING scroll labelled ROILANGE SAMAO.
   809 | D:1      | 809 ||| READING 2 scrolls of identify.
   809 | D:1      | 809 ||| IDENTIFYING pink potion
   810 | D:1      | 810 ||| DROPPING scroll of poison.
   823 | D:2      | Found a faded altar of an unknown god.
   848 | D:2      | Reached skill level 4 in Ranged Weapons
   927 | D:2      | Found Ceituele's Magic Scroll Shoppe.
   933 | D:2      | 933 ||| BUYING scroll of identify (20 gold).
   933 | D:2      | Bought a scroll of identify for 20 gold pieces
   933 | D:2      | 933 ||| BUYING scroll of identify (20 gold).
   933 | D:2      | Bought a scroll of identify for 20 gold pieces
   933 | D:2      | 933 ||| BUYING scroll of identify (20 gold).
   933 | D:2      | Bought a scroll of identify for 20 gold pieces
   933 | D:2      | 933 ||| SHOPLISTING scroll of identify (20 gold, have 5).
   933 | D:2      | 933 ||| SHOPLISTING scroll of teleportation (30 gold, have
                  | 5).
  1070 | D:2      | HP: 7/29 [adder (3)]
  1609 | D:2      | 1609 ||| DRINKING 2 bubbling inky potions.
  1610 | D:2      | 1610 ||| READING 5 scrolls of identify.
  1610 | D:2      | 1610 ||| IDENTIFYING golden potion
  1611 | D:2      | 1611 ||| READING 4 scrolls of identify.
  1611 | D:2      | 1611 ||| IDENTIFYING black potion
  1612 | D:2      | 1612 ||| READING 3 scrolls of identify.
  1612 | D:2      | 1612 ||| IDENTIFYING smoky emerald potion
  1613 | D:2      | 1613 ||| READING 2 scrolls of identify.
  1613 | D:2      | 1613 ||| IDENTIFYING ruby potion
  1614 | D:2      | 1614 ||| DROPPING potion of attraction.
  1652 | D:3      | 1652 ||| STAIRDANCE
  1666 | D:3      | Found a transporter.
  1668 | D:3      | Noticed a phantom
  1730 | D:3      | Reached XP level 4. HP: 36/36 MP: 4/4
  1839 | D:3      | Noticed Jessica
  1846 | D:3      | Killed Jessica
  1847 | D:3      | Reached skill level 5 in Ranged Weapons
  2024 | D:3      | HP: 6/37 [orc priest/nerve-wracking pain (7)]
  2025 | D:3      | 2025 ||| DRINKING potion of heal wounds.
  2030 | D:3      | 2030 ||| DRINKING potion of curing.
  2030 | D:3      | 2030 ||| (to cure confusion)
  2030 | D:3      | HP: 8/37 [orc priest/+0 morningstar (11)]
  2032 | D:3      | HP: 3/37 [something (3)]
  2032 | D:3      | Slain by an orc priest

Levels and vault maps discovered:
D:1:      lightli_molten_gateway, layout_loops_ring, st_stairs_4,
          minmay_heptomino_h4
D:2:      layout_loops_ring, nicolae_ecumenical_pavilion, serial_shops,
          nicolae_shop_stone, serial_bayou_lake_a
D:3:      layout_loops_ring, gammafunk_ghost_mausoleum,
          kennysheep_decorative_pillar, minivault_5, uniq_jessica, uniq_sigmund

Skill      XL: |  1  2  3  4 |
---------------+-------------+-----
Ranged Weapons | 3 4 5 |  5.0
Fighting       | 2 |  2.4
Dodging        | |  2.1
Spellcasting   | |  1.0
Hexes          | |  2.0

Action                     |  1- 3 |  4- 6 || total
---------------------------+-------+-------++-------
   Fire: Sling             |   121 |    56 ||   177
    Use: Scroll            |     8 |       ||     8
         Potion            |     1 |     2 ||     3
 Armour: Robe              |     8 |       ||     8
         Leather armour    |     8 |    21 ||    29
  Dodge: Dodged            |    28 |    21 ||    49

Table legend:
 A = Non-vault XP
 B = Vault XP
 C = Vault XP percentage of total XP
 D = Non-vault monster count
 E = Vault monster count
 F = Vault count percentage of total count
                 A         B        C        D         E       F
            +---------+---------+-------+---------+---------+-------
      Total |     113 |      46 |  28.9 |      52 |       6 |  10.3
            +---------+---------+-------+---------+---------+-------
        D:1 |      48 |       9 |  15.8 |      27 |       5 |  15.6
        D:2 |      35 |       0 |   0.0 |      13 |       0 |   0.0
        D:3 |      30 |      37 |  55.2 |      12 |       1 |   7.7
            +---------+---------+-------+---------+---------+-------
